 Dungeon Crawl Stone Soup version 0.22.1-1-ga44c0e56f4 (webtiles) character file.

14766 Kohma the Severer (level 11, -7/102 HPs)
             Began as a Minotaur Berserker on Oct 15, 2018.
             Was the Champion of Trog.
             Killed from afar by a storm dragon (40 damage)
             ... with a bolt of lightning
             ... on level 11 of the Dungeon.
             The game lasted 00:33:29 (10376 turns).

Kohma the Severer (Minotaur Berserker)             Turns: 10376, Time: 00:33:30

Health: -7/102     AC: 18    Str: 25    XL:     11   Next: 93%
Magic:  10/10      EV: 10    Int:  4    God:    Trog [******]
Gold:   62         SH:  4    Dex: 17    Spells: 10/10 levels left

rFire    . . .     SeeInvis .   a - +5 executioner's axe (chop)
rCold    . . .     Gourm    .   (shield currently unavailable)
rNeg     . . .     Faith    .   K - +0 plate armour
rPois    +         Spirit   .   (helmet restricted)
rElec    .         Reflect  +   (no cloak)
rCorr    .         Harm     .   s - +2 pair of gloves
MR       .....                  (no boots)
Stlth    ..........             E - amulet of Attitude {Reflect *Contam +Inv rPois SH+4 Stlth-}
HPRegen  0.27/turn              n - +5 ring of dexterity
MPRegen  0.12/turn              h - +2 ring of dexterity

@: no status effects
A: retaliatory headbutt, horns 2
a: Berserk, Trog's Hand, Brothers in Arms, Renounce Religion, Evoke Invisibility


You were on level 11 of the Dungeon.
You worshipped Trog.
Trog was exalted by your worship.
You were not hungry.

You visited 2 branches of the dungeon, and saw 12 of its levels.
You also visited: Sewer.

You collected 549 gold pieces.
You spent 487 gold pieces at shops.

Inventory:

Hand Weapons
 a - a +5 executioner's axe of chopping (weapon)
 b - the +14 obsidian axe {chop, +Fly SInv *Curse}
   (You acquired it on level 6 of the Dungeon)

   It inflicts extra damage upon your enemies.
   It lets you see invisible.
   It lets you fly.
   It curses itself when equipped.
 I - a +2 scimitar of flaming
Missiles
 e - 264 stones
 F - 2 throwing nets (quivered)
Armour
 s - a +2 pair of gloves (worn)
 K - a +0 plate armour (worn)
Jewellery
 h - a +2 ring of dexterity (right hand)
 n - a +5 ring of dexterity (left hand)
 E - the amulet of Attitude (around neck) {Reflect *Contam +Inv rPois SH+4 Stlth-}
   (You found it on level 9 of the Dungeon)

   [amulet of reflection]

   It shields you and reflects attacks.
   It protects you from poison.
   It lets you turn invisible.
   It causes magical contamination when unequipped.
   It affects your SH (+4).
   It makes you less stealthy.
 J - an uncursed amulet of the gourmand {unknown}
Wands
 t - a wand of acid (7)
 w - a wand of iceblast (12)
 D - a wand of digging (15)
Scrolls
 d - a scroll of fog
 g - 2 scrolls of remove curse
 k - 2 scrolls of magic mapping
 m - 4 scrolls of teleportation
 p - a scroll of fear
 y - a scroll of enchant armour
 B - a scroll of blinking
Potions
 f - 5 potions of heal wounds
 i - 2 potions of brilliance
 j - a potion of invisibility
 l - 3 potions of cancellation
 o - 12 potions of curing
 q - 4 potions of might
 r - 4 potions of flight {unknown}
 u - a potion of agility {unknown}
 v - 2 potions of magic
 x - a potion of lignification {unknown}
 z - a potion of mutation {unknown}
 A - a potion of degeneration {unknown}
 C - a potion of berserk rage {unknown}
 G - a potion of haste {unknown}
Comestibles
 c - 17 rations


   Skills:
 + Level 11.5 Fighting
 * Level 15.8 Axes
 - Level 0.1 Throwing
 + Level 11.3 Armour
 - Level 5.0 Dodging
 - Level 0.3 Stealth


You had 10 spell levels left.
You didn't know any spells.
Your spell library was empty.

Dungeon Overview and Level Annotations

Branches:
Dungeon (11/15)            Temple (1/1) D:6            Lair (0/6) D:9
    Orc (0/2) D:11

Altars:
Ashenzari
Cheibriados
Dithmenos
Elyvilon
Fedhas
Gozag
Hepliaklqana
Kikubaaqudgha
Makhleb
Nemelex Xobeh
Okawaru
Qazlal
Ru
Sif Muna
Trog
Uskayaw
Vehumet
Wu Jian
Xom
Yredelemnul
Zin
The Shining One

Shops:
D:8 (?(   D:10 :}*(


Innate Abilities, Weirdness & Mutations

You reflexively headbutt those who attack you in melee.
You have a pair of horns on your head.


Message History

The bolt of lightning hits you! The storm dragon barely misses you.
The storm dragon misses you.
The storm dragon tramples you but does no damage.
You closely miss the storm dragon. The storm dragon bites you!
The storm dragon claws you but does no damage.
The storm dragon tramples you but does no damage.
You barely miss the storm dragon. You headbutt the storm dragon.
The storm dragon is lightly wounded.
The storm dragon bites you but does no damage.
The storm dragon claws you! The storm dragon tramples you!
You stumble backwards!
You block the storm dragon's attack. The storm dragon claws you.
You block the storm dragon's attack.
The sphinx casts a spell.
Something smites you!
Your plate armour prevents you from hitting the storm dragon.
Your headbutt misses the storm dragon.
The storm dragon is lightly wounded.
The storm dragon breathes lightning at you.
The bolt of lightning hits you!
You die...

.# ###.# ... .. #...#
##### .# ###)# ##...##
.#####.# ##.....## ##
...#...# #...yy..#...#
...#...#...#...#D..#...#
#..#..##..###Dy#H#.#.#.#
.. #...# #y..#D### # .
##..# .H.H.#@..# ##.#
..#D..#.#[#
##..##.....##..[# [.
#...##):))= #.###
#..#..## #.#.#.#.#
...#...#########...#...#
...#.....#...#.....#...#
#..##.............##..##
#. ##..#..#..#..## .#


You could see a storm dragon, an ice dragon, a sphinx and 2 killer bees.

Vanquished Creatures
  The ghost of Azzok the Covert, a journeyman GnEn of Cheibriados (D:7)
  Erica (D:11)
  2 two-headed ogres
  Pikel (D:5)
  2 ugly things (D:11)
  A manticore (D:11)
  Psyche (D:9)
  A komodo dragon (D:9)
  A meliai (D:11)
  A merfolk (D:9)
  A hornet (D:11)
  Prince Ribbit (D:5)
  3 hippogriffs
  A wyvern (D:7)
  12 yaks
  3 hungry ghosts
  Edmund (D:6)
  5 orc warriors
  2 ice beasts
  A phantom (D:7)
  3 sky beasts
  A necrophage (D:11)
  3 centaurs
  5 ogres
  4 big kobolds
  6 bullfrogs
  A wyvern zombie (D:8)
  3 scorpions
  A wyvern skeleton (D:7)
  7 wights
  10 killer bees
  3 howler monkeys
  An electric eel (D:7)
  A bullfrog zombie (D:5)
  3 centaur zombies
  2 crimson imps (D:6)
  9 orc wizards
  6 hounds
  A jelly (D:6)
  7 orc priests
  3 centaur skeletons
  2 iguanas
  10 worker ants
  A killer bee zombie (D:9)
  A hound skeleton (D:10)
  A howler monkey zombie (D:9)
  15 adders
  5 gnolls
  5 river rats (Sewer)
  3 shadow imps
  An ooze (D:6)
  An adder skeleton (D:4)
  An adder zombie (D:7)
  6 worms
  2 dart slugs
  4 leopard geckos
  47 orcs
  9 bats
  5 giant cockroaches
  7 goblins
  8 hobgoblins
  9 jackals
  35 kobolds
  3 quokkas
  9 ball pythons
  4 frilled lizards
  A giant cockroach zombie (D:6)
  A jackal skeleton (D:7)
  2 leopard gecko skeletons
  2 quokka skeletons
  A quokka zombie (D:7)
  20 rats
  3 plants (D:9)
346 creatures vanquished.

Vanquished Creatures (collateral kills)
  An orc (D:6)
  A kobold (Sewer)
  5 rats (Sewer)
7 creatures vanquished.

Vanquished Creatures (others)
  A slave (D:5)
  A jackal (D:5)
2 creatures vanquished.

Grand Total: 355 creatures vanquished

Notes
Turn   | Place    | Note
-------+----------+-------------------------------------------
     0 | D:1      | Kohma the Minotaur Berserker began the quest for the Orb.
     0 | D:1      | Reached XP level 1. HP: 19/19 MP: 0/0
   296 | D:1      | Reached skill level 4 in Axes
   299 | D:1      | Reached XP level 2. HP: 23/27 MP: 1/1
  1187 | D:2      | Reached XP level 3. HP: 33/33 MP: 2/2
  1211 | D:2      | Reached ** piety under Trog
  1392 | D:2      | Found an ornate altar of the Wu Jian Council.
  1500 | D:2      | Reached skill level 5 in Axes
  1764 | D:2      | Reached XP level 4. HP: 40/40 MP: 3/3
  1980 | D:2      | Found an iron altar of Okawaru.
  2069 | D:3      | Found a white marble altar of Elyvilon.
  2198 | D:3      | Reached *** piety under Trog
  2210 | D:3      | Reached skill level 6 in Axes
  2210 | D:3      | Reached XP level 5. HP: 39/46 MP: 4/4
  2622 | D:3      | Found a hide-covered altar of Uskayaw.
  2888 | D:4      | Noticed a hippogriff
  2898 | D:4      | Killed a hippogriff
  2898 | D:4      | Reached skill level 7 in Axes
  2898 | D:4      | Reached XP level 6. HP: 38/53 MP: 5/5
  3284 | D:4      | Reached XP level 7. HP: 44/60 MP: 6/6
  3288 | D:4      | Reached skill level 8 in Axes
  3594 | D:4      | Reached skill level 5 in Fighting
  3766 | D:5      | Entered Level 5 of the Dungeon
  3799 | D:5      | Found an ornate altar of the Wu Jian Council.
  3820 | D:5      | Reached **** piety under Trog
  3881 | D:5      | Found a shattered altar of Ashenzari.
  3882 | D:5      | Reached skill level 5 in Armour
  4294 | D:5      | Noticed Pikel
  4323 | D:5      | Killed Pikel
  4323 | D:5      | Reached skill level 9 in Axes
  4323 | D:5      | Reached XP level 8. HP: 70/70 MP: 7/7
  4344 | D:5      | Noticed Prince Ribbit
  4446 | D:5      | Killed Prince Ribbit
  4661 | D:6      | Identified a scroll of acquirement
  4662 | D:6      | Found the +14 obsidian axe {chop, +Fly SInv *Curse}
  4721 | D:6      | Found a staircase to the Ecumenical Temple.
  4740 | D:6      | Reached skill level 10 in Axes
  4783 | D:6      | Reached skill level 5 in Dodging
  4784 | D:6      | Noticed Edmund
  4790 | D:6      | Killed Edmund
  4790 | D:6      | Reached XP level 9. HP: 72/78 MP: 8/8
  4835 | D:6      | Found a glowing drain.
  4844 | Sewer    | Entered a sewer
  5006 | Sewer    | Reached ***** piety under Trog
  5398 | D:6      | Reached skill level 11 in Axes
  5545 | D:6      | Received a gift from Trog
  5650 | D:6      | Found an opulent altar of Gozag.
  5671 | Temple   | Entered the Ecumenical Temple
  6130 | D:7      | Reached skill level 12 in Axes
  6286 | D:7      | Found a transporter.
  6286 | D:7      | Noticed Azzok's ghost (journeyman GnEn)
  6287 | D:7      | Noticed a two-headed ogre
  6290 | D:7      | Found a transporter.
  6301 | D:7      | Killed a two-headed ogre
  6301 | D:7      | Reached XP level 10. HP: 90/90 MP: 9/9
  6313 | D:7      | Killed Azzok's ghost
  6313 | D:7      | Reached skill level 13 in Axes
  6679 | D:8      | Found Heixot's Antique Weapon Emporium.
  6759 | D:8      | Found Bepakyum's Magic Scroll Emporium.
  6781 | D:8      | Bought a scroll of identify for 24 gold pieces
  6781 | D:8      | Bought a scroll of identify for 24 gold pieces
  6781 | D:8      | Bought a scroll of remove curse for 36 gold pieces
  6781 | D:8      | Bought a scroll of enchant weapon for 90 gold pieces
  6781 | D:8      | Bought a scroll of identify for 24 gold pieces
  6781 | D:8      | Bought a scroll of enchant weapon for 90 gold pieces
  6781 | D:8      | Bought a scroll of identify for 24 gold pieces
  6862 | D:8      | Found a shimmering altar of Xom.
  6894 | D:8      | Found a blossoming altar of Fedhas.
  6975 | D:8      | Found Edal's Antique Weapon Emporium.
  7171 | D:8      | Found a stormy altar of Qazlal.
  7232 | D:8      | Found a hazy altar of Hepliaklqana.
  7305 | D:9      | Noticed Psyche
  7313 | D:9      | Killed Psyche
  7428 | D:9      | Found a staircase to the Lair.
  7437 | D:9      | Reached skill level 10 in Fighting
  7448 | D:9      | Noticed a two-headed ogre
  7453 | D:9      | Killed a two-headed ogre
  7453 | D:9      | Reached skill level 14 in Axes
  7453 | D:9      | Reached XP level 11. HP: 42/99 MP: 10/10
  7974 | D:9      | Reached skill level 10 in Armour
  8002 | D:9      | Got a twitching golden amulet
  8008 | D:9      | Identified the amulet of Attitude {Reflect *Contam +Inv
                  | rPois SH+4 Stlth-} (You found it on level 9 of the Dungeon)
  8426 | D:10     | Entered Level 10 of the Dungeon
  8648 | D:10     | Found Obeff's Weapon Shoppe.
  8712 | D:10     | Reached ****** piety under Trog
  9154 | D:10     | Found Hodege's Book Boutique.
  9175 | D:10     | Found Siotzion's Gadget Shop.
  9239 | D:10     | Found Ripso's Assorted Antiques.
  9247 | D:10     | Bought a scroll labeled KEIDUU KEMAGG for 39 gold pieces
  9292 | D:10     | Bought a scroll of fear for 136 gold pieces
  9618 | D:11     | Reached skill level 15 in Axes
  9647 | D:11     | Noticed a green ugly thing
  9652 | D:11     | Killed a green ugly thing
  9691 | D:11     | Noticed Erica
  9702 | D:11     | Killed Erica
  9881 | D:11     | Found a staircase to the Orcish Mines.
 10210 | D:11     | Noticed a purple ugly thing
 10210 | D:11     | Noticed a cyan ugly thing
 10212 | D:11     | Found the transparent robe
 10216 | D:11     | Killed a cyan ugly thing
 10351 | D:11     | Noticed a wolf spider
 10366 | D:11     | Noticed a storm dragon
 10366 | D:11     | Noticed a sphinx
 10367 | D:11     | Noticed an ice dragon
 10367 | D:11     | Noticed a sphinx
 10368 | D:11     | Found the +0 sword of Power
 10376 | D:11     | Killed from afar by a storm dragon

Skill      XL: |  1  2  3  4  5  6  7  8  9 10 11 |
---------------+----------------------------------+-----
Axes           | 4 5 6 7 9 10 12 14 15 | 15.8
Armour         | 3 4 5 6 8 9 11 | 11.3
Fighting       | 4 6 8 10 11 | 11.5
Dodging        | 4 5 |  5.0
Throwing       | |  0.1
Stealth        | |  0.3

Action                   |  1- 3 |  4- 6 |  7- 9 | 10-12 || total
-------------------------+-------+-------+-------+-------++-------
Melee: Hand axe          |   108 |   128 |   102 |       ||   338
       Headbutt          |    21 |    21 |    45 |    51 ||   138
       Broad axe         |       |       |    76 |       ||    76
       Executioner's axe |       |       |    29 |   248 ||   277
Throw: Stone             |       |     7 |       |       ||     7
Invok: Berserk           |       |       |     3 |       ||     3
  Use: Scroll            |       |       |    13 |    16 ||    29
  Eat: Chunk             |     3 |     5 |    11 |    14 ||    33
       Ration            |       |       |       |     3 ||     3
Armor: Chain mail        |    65 |    84 |    27 |       ||   176
       Plate armour      |       |       |    77 |   157 ||   234
Dodge: Dodged            |    55 |    68 |    99 |   139 ||   361
Block: Other             |       |       |       |    21 ||    21
       Reflection        |       |       |       |     2 ||     2
